 Dungeon Crawl Stone Soup version 0.24-a0-699-g5a66b1aa3b (webtiles) character file.

Game seed: 16110459768258190441, levelgen mode: deterministic

132422 Peloso the Peltast (level 16, -15/149 HPs)
             Began as a Minotaur Fighter on Sept 29, 2019.
             Was an Initiate of Gozag.
             Killed from afar by a merfolk aquamancer (41 damage)
             ... with a torrent of water
             ... on level 1 of the Shoals.
             The game lasted 01:36:35 (30235 turns).

Peloso the Peltast (Minotaur Fighter)              Turns: 30235, Time: 01:36:36

Health: -15/149    AC: 15    Str: 32    XL:     16   Next: 57%
Magic:  15/15      EV: 14    Int:  5    God:    Gozag
Gold:   646        SH: 18    Dex: 17    Spells: 15/15 levels left

rFire    . . .     SeeInvis .   a - +7 long sword of Makhleb's Benevolence {flame, rPois}
rCold    . . .     Gourm    .   c - +1 shield
rNeg     . . .     Faith    .   v - +0 chain mail "Laicicw" {Str+6}
rPois    +         Spirit   .   e - +1 hat of Xoing {MR+ Stlth+}
rElec    .         Reflect  .   t - scarf {cloud immunity}
rCorr    .         Harm     .   (no gloves)
MR       ++...                  k - +0 pair of boots of the Iron City of Dis {rPois}
Stlth    +.........             (no amulet)
HPRegen  0.34/turn              F - +5 ring of dexterity
MPRegen  0.14/turn              (no ring)

@: very slightly contaminated
A: retaliatory headbutt, horns 2
a: Potion Petition, Call Merchant, Bribe Branch, Renounce Religion


You were on level 1 of the Shoals.
You worshipped Gozag.
Gozag was pleased with you.
You were very hungry.

You visited 5 branches of the dungeon, and saw 25 of its levels.
You visited the Abyss 1 time.
You also visited: Volcano.

You collected 9223 gold pieces.
You spent 1102 gold pieces at shops.
You paid 7475 gold pieces to Gozag.

Inventory:

Hand Weapons
 a - the +7 long sword of Makhleb's Benevolence (weapon) {flame, rPois}
   (You took it off Harold on level 7 of the Dungeon)

   It has been specially enchanted to burn those struck by it, causing extra
   injury to most foes and up to half again as much damage against particularly
   susceptible opponents.
   Big, fiery blades are also staple armaments of hydra-hunters.
   It protects you from poison.
Armour
 b - a +0 chain mail
 c - a +1 shield (worn)
 e - the +1 hat of Xoing (worn) {MR+ Stlth+}
   (You bought it in a shop on level 1 of the Lair of Beasts)

   It affects your resistance to hostile enchantments.
   It makes you more stealthy.
 k - the +0 pair of boots of the Iron City of Dis (worn) {rPois}
   (You bought it in a shop on level 1 of the Lair of Beasts)

   It protects you from poison.
 t - a scarf of cloud immunity (worn)
 v - the +0 chain mail "Laicicw" (worn) {Str+6}
   (You bought it in a shop on level 1 of the Lair of Beasts)

   It affects your strength (+6).
 y - a +2 pair of boots
Jewellery
 g - a +2 amulet of reflection
 i - an uncursed ring of stealth
 w - an uncursed ring of protection from magic
 F - a +5 ring of dexterity (left hand)
 O - an uncursed ring of flight
 R - an uncursed ring of see invisible
Scrolls
 h - 3 scrolls of remove curse
 m - a scroll of torment {unknown}
 n - 5 scrolls of teleportation
 q - 2 scrolls of magic mapping
 B - 2 scrolls of fog
 U - a scroll of summoning
Potions
 d - 9 potions of might
 j - 8 potions of curing
 l - 6 potions of haste
 o - 2 potions of berserk rage
 z - a potion of resistance
 A - 4 potions of agility
 C - a potion of heal wounds
 P - a potion of flight
Comestibles
 f - 35 rations


   Skills:
 + Level 15.5 Fighting
 + Level 17.6 Long Blades
 + Level 14.5 Armour
 + Level 7.1 Dodging
 + Level 4.7 Stealth
 + Level 19.4 Shields
 + Level 0.9 Evocations


You had 15 spell levels left.
You didn't know any spells.
Your spell library contained the following spells:

 Spells                   Type           Power        Failure   Level  Hunger
 Confusing Touch          Hex            #.....       86%         1    ##.....
 Corona                   Hex            #......      86%         1    ##.....
 Flame Tongue             Conj/Fire      #....        86%         1    ##.....
 Sting                    Conj/Pois      #...         86%         1    ##.....
 Ensorcelled Hibernation  Hex/Ice        #.....       94%         2    ###....
 Passwall                 Tmut/Erth      #.......     94%         2    ###....
 Poisonous Vapours        Pois/Air       #.....       94%         2    ###....
 Throw Flame              Conj/Fire      #.....       94%         2    ###....
 Confuse                  Hex            #.......     99%         3    ####...
 Conjure Flame            Conj/Fire      #.......     99%         3    ####...
 Dazzling Spray           Conj/Hex       #.....       99%         3    ####...
 Gell's Gravitas          Tloc           #.........   99%         3    ####...
 Ignite Poison            Fire/Tmut/Pois #.......     99%         3    ####...
 Inner Flame              Hex/Fire       #.......     99%         3    ####...
 Mephitic Cloud           Conj/Pois/Air  #.......     99%         3    ####...
 Recall                   Summ/Tloc      N/A          99%         3    ####...
 Tukima's Dance           Hex            #.......     99%         3    ####...
 Animate Dead             Necr           N/A          100%        4    #####..
 Petrify                  Tmut/Erth      #.......     100%        4    #####..
 Sticky Flame             Conj/Fire      #.......     100%        4    #####..
 Bolt of Magma            Conj/Fire/Erth #.........   100%        5    ######.
 Borgnjor's Vile Clutch   Necr/Erth      #.........   100%        5    ######.
 Fireball                 Conj/Fire      #.........   100%        5    ######.
 Iskenderun's Battlesphe  Conj/Chrm      #.......     100%        5    ######.
 Metabolic Englaciation   Hex/Ice        #.........   100%        5    ######.
 Venom Bolt               Conj/Pois      #.........   100%        5    ######.
 Yara's Violent Unravell  Hex/Tmut       #.........   100%        5    ######.
 Death Channel            Necr           #.........   100%        6    #######
 Iron Shot                Conj/Erth      #.........   100%        6    #######
 Simulacrum               Ice/Necr       #.........   100%        6    #######
 Orb of Destruction       Conj           #.........   100%        7    #######
 Spellforged Servitor     Conj/Summ      #.........   100%        7    #######


Dungeon Overview and Level Annotations

Branches:
Dungeon (15/15)            Temple (1/1) D:6            Lair (6/6) D:8
 Shoals (1/4) Lair:3        Snake (0/4) Lair:2        Slime (0/5) Lair:5
    Orc (2/2) D:9             Elf (0/3) Orc:2        Vaults (0/5) D:13
 Depths (0/5) D:15        Volcano (visited)

Altars:
Cheibriados
Dithmenos
Fedhas
Gozag
Hepliaklqana
Kikubaaqudgha
Okawaru
Qazlal
Ru
Vehumet
Wu Jian
Beogh

Shops:
D:5 (   D:8 (   D:11 [}   Orc:2 ?:?(   Lair:1 *=[[%[[


Innate Abilities, Weirdness & Mutations

You reflexively headbutt those who attack you in melee.
You have a pair of horns on your head.


Message History

The harpy is almost dead.
You block the harpy's attack. x2
Unknown command.
You barely miss the harpy. You headbutt the harpy.
The harpy is almost dead.
The harpy completely misses you. You furiously retaliate!
You headbutt the harpy.
You kill the harpy!
Unknown command.
You now have 640 gold pieces (gained 5).
You now have 646 gold pieces (gained 6).
You start resting.
A merfolk aquamancer comes into view. It is wielding a +0 rapier.
A merfolk aquamancer is nearby!
A merfolk aquamancer is nearby!
The merfolk aquamancer shouts!
The merfolk aquamancer casts a spell at you.
The torrent of water hits you!!!
You die...
Your body crumbles into a pile of gold.

≈≈≈≈≈≈≈≈..≈≈≈≈≈≈≈≈≈≈≈.?.....
≈≈≈≈≈≈≈≈≈≈.≈≈≈≈≈≈≈≈≈≈≈..≈≈≈..
≈≈≈≈≈≈≈≈≈≈≈≈≈≈≈≈≈≈≈≈≈≈≈≈≈.≈≈≈≈.
≈≈≈≈≈≈≈≈≈≈m≈≈≈≈≈≈≈≈≈≈≈≈≈.≈≈≈≈≈.
≈≈≈≈≈≈≈≈≈≈≈≈≈≈$≈≈≈≈≈≈≈≈≈≈≈≈≈≈≈≈.
≈≈≈≈≈≈≈≈≈≈≈≈≈≈≈≈...≈≈≈≈≈≈≈≈≈≈≈≈≈
≈≈≈≈≈≈≈≈...........≈≈≈≈≈≈≈≈≈≈≈≈≈
≈≈≈≈≈≈≈............≈≈≈.≈≈)≈≈≈≈≈≈
≈≈≈≈≈≈≈≈...$...@.≈≈≈≈≈..≈..≈≈≈≈≈
≈≈≈≈≈≈≈..$.###...≈≈≈≈.....(..≈≈≈
≈≈≈≈≈≈≈..### ##...≈.≈≈.....().≈≈
≈≈≈≈≈≈≈(.# #.##>......≈≈≈(....
≈≈≈≈≈≈≈))# ## ##.....#....(((.
≈≈≈≈≈≈≈≈.## ##....##....≈..
≈≈≈≈≈≈≈≈).# ## ##..........(≈.
≈≈≈≈≈≈≈≈..# #.##........###..#
≈≈≈≈≈≈≈≈≈..# #............##..#


You could see a merfolk aquamancer.

Vanquished Creatures
  Rupert (Orc:1)
  Jorgrun (D:12)
  The ghost of MisterOstroum the Jinx, a journeyman HuEn of Elyvilon (D:12)
  A dire elephant (Lair:6)
  An ettin (D:14)
  Snorg (D:10)
  A merfolk impaler (Shoals:1)
  Harold (D:7)
  The ghost of Uxec the Blocker, a journeyman VSFi of Qazlal (D:13)
  Erolcha (Orc:2)
  3 vault guards
  7 hydras
  A merfolk avatar (Lair:6)
  5 ogre magi
  10 two-headed ogres
  2 centaur warriors
  4 death yaks (Lair:2)
  A tengu warrior (D:15)
  A queen ant (Lair:2)
  Urug (D:10)
  5 skeletal warriors (D:14)
  Nergalle (Orc:2)
  4 sea snakes
  5 unseen horrors
  9 wizards
  Pikel (D:5)
  2 deep elf magi
  The ghost of Eurus the Stinger, a novice NaVM of Cheibriados (D:5)
  5 harpies (Shoals:1)
  12 orc sorcerers
  4 orc knights
  A wolf spider (D:15)
  3 elephants (Lair:6)
  3 ugly things (D:15)
  6 cyclopes
  9 fauns (Shoals:1)
  7 manticores
  5 toenail golems (Volcano)
  3 merfolk sirens (Shoals:1)
  6 black mambas
  Joseph (Lair:1)
  2 water nymphs (Shoals:1)
  4 centaur zombies
  Psyche (D:10)
  2 gargoyles
  6 rime drakes
  6 kobold demonologists (D:13)
  14 spiny frogs
  2 yaktaurs (D:13)
  11 komodo dragons
  A komodo dragon (shapeshifter) (D:13)
  4 trolls
  4 hornets
  5 merfolk (Shoals:1)
  5 polar bears
  A queen bee (Lair:3)
  Prince Ribbit (Lair:2)
  36 blink frogs
  8 slime creatures
  3 snapping turtles (Shoals:1)
  6 dream sheep (Lair:5)
  10 hippogriffs
  3 spriggans
  5 wyverns
  25 yaks
  A wraith (D:15)
  A water elemental (Shoals:1)
  Eustachio (D:5)
  2 steam dragons
  3 basilisks
  2 hungry ghosts
  7 vampire mosquitoes
  A naga (Lair:2)
  Menkaure (D:5)
  10 soldier ants (Lair:2)
  4 wargs
  15 water moccasins
  An acid dragon (D:15)
  13 porcupines
  A swamp drake (D:9)
  A slave (D:5)
  3 ice beasts
  2 sky beasts
  3 black bears
  22 orc warriors
  5 phantoms
  A necrophage (D:14)
  21 ogres
  14 wolves
  8 crocodiles
  17 centaurs
  12 big kobolds
  A gnoll sergeant (D:6)
  22 bullfrogs
  A wyvern skeleton (D:11)
  7 scorpions
  32 killer bees
  14 wights
  2 electric eels (Lair:3)
  6 howler monkeys
  7 crimson imps
  3 bullfrog zombies
  A quasit (D:8)
  4 jellies
  3 hounds
  23 orc priests
  3 bullfrog skeletons
  4 centaur skeletons
  2 gnoll shamans
  3 iguanas
  45 orc wizards
  25 worker ants
  Natasha (thrice) (D:3)
  A hound skeleton (D:7)
  A howler monkey zombie (D:6)
  2 worker ant zombies (D:11)
  Robin (D:2)
  14 gnolls
  13 adders
  3 shadow imps
  2 oozes (Lair:5)
  2 adder zombies
  A worm (D:5)
  4 dart slugs
  5 leopard geckos
  89 orcs
  10 bats
  7 giant cockroaches
  13 goblins
  8 hobgoblins
  18 jackals
  3 quokkas
  6 frilled lizards
  21 kobolds
  A leopard gecko zombie (D:2)
  11 rats
  5 fungi
  A plant (Lair:1)
928 creatures vanquished.

Vanquished Creatures (others)
  A dancing weapon (Volcano)
  A spiny frog (Lair:5)
  A porcupine (Lair:5)
  6 centaurs
  An orc wizard (Orc:2)
  A gnoll (Orc:1)
  2 orcs (D:5)
  2 goblins (D:2)
  A quokka (D:5)
  2 kobolds (D:3)
  38 fungi
  12 plants
68 creatures vanquished.

Grand Total: 996 creatures vanquished

Notes
Turn   | Place    | Note
-------+----------+-------------------------------------------
     0 | D:1      | Peloso the Minotaur Fighter began the quest for the Orb.
     0 | D:1      | Reached XP level 1. HP: 19/19 MP: 0/0
    91 | D:1      | Reached XP level 2. HP: 27/27 MP: 1/1
   247 | D:1      | Reached skill level 4 in Shields
   341 | D:1      | Reached XP level 3. HP: 30/33 MP: 2/2
   788 | D:2      | Found a stormy altar of Qazlal.
   794 | D:2      | Noticed Robin
   833 | D:2      | Killed Robin
   875 | D:2      | Reached XP level 4. HP: 27/40 MP: 3/3
  1431 | D:3      | Noticed Natasha
  1438 | D:3      | Killed Natasha
  1438 | D:3      | Reached XP level 5. HP: 43/47 MP: 4/4
  1608 | D:3      | Reached skill level 1 in Dodging
  1629 | D:3      | Reached skill level 5 in Shields
  1813 | D:3      | Found an ancient bone altar of Kikubaaqudgha.
  1907 | D:3      | Noticed Natasha
  1918 | D:3      | Killed Natasha
  2053 | D:3      | Noticed Natasha
  2061 | D:3      | Killed Natasha
  2331 | D:4      | Reached XP level 6. HP: 41/53 MP: 5/5
  2334 | D:4      | Reached skill level 5 in Long Blades
  2690 | D:5      | Entered Level 5 of the Dungeon
  2690 | D:5      | Noticed Eustachio
  2699 | D:5      | Killed Eustachio
  2699 | D:5      | Reached skill level 5 in Armour
  2699 | D:5      | Reached skill level 6 in Shields
  2709 | D:5      | Found a runed translucent gate.
  2761 | D:5      | Reached XP level 7. HP: 43/60 MP: 6/6
  2799 | D:5      | Noticed Pikel
  2829 | D:5      | Killed Pikel
  2829 | D:5      | Reached skill level 5 in Fighting
  2829 | D:5      | Reached XP level 8. HP: 10/68 MP: 7/7
  3138 | D:5      | Found Zuclyet's Weapon Boutique.
  3218 | D:5      | Noticed Menkaure
  3223 | D:5      | Killed Menkaure
  3223 | D:5      | Reached skill level 7 in Shields
  3321 | D:5      | Found a runed translucent gate.
  3321 | D:5      | Found a runed translucent gate.
  3351 | D:5      | Noticed Eurus's ghost (novice NaVM)
  3353 | D:5      | Identified the +2 mace of Eweir {flame, MP+9 Int+6 Dex-5
                  | Stlth+}
  3353 | D:5      | Identified the +6 scale mail "Vudizui" {Str+3 Int-2 Dex+2}
  3354 | D:5      | Found a roughly hewn altar of Beogh.
  3868 | D:6      | Found a staircase to the Ecumenical Temple.
  3896 | Temple   | Entered the Ecumenical Temple
  3936 | Temple   | Became a worshipper of Gozag Ym Sagoz the Greedy
  4153 | D:6      | Reached XP level 9. HP: 75/75 MP: 8/8
  4280 | D:6      | Reached skill level 8 in Shields
  4404 | D:6      | Noticed a two-headed ogre
  4413 | D:6      | Killed a two-headed ogre
  4413 | D:6      | Reached skill level 10 in Long Blades
  4457 | D:6      | Reached skill level 9 in Shields
  4922 | D:7      | Identified the +7 long sword of Makhleb's Benevolence
                  | {flame, rPois}
  4922 | D:7      | Noticed Harold
  5023 | D:7      | Killed Harold
  5023 | D:7      | Reached skill level 10 in Shields
  5023 | D:7      | Reached XP level 10. HP: 88/88 MP: 9/9
  5741 | D:5      | Killed Eurus's ghost
  5924 | D:8      | Noticed a two-headed ogre
  5931 | D:8      | Killed a two-headed ogre
  5938 | D:8      | Found Vaulaser's Weapon Shop.
  6090 | D:8      | Found a staircase to the Lair.
  6163 | D:8      | Reached skill level 11 in Shields
  6560 | D:8      | You fall into a shaft and drop 3 floors!
  6614 | D:11     | Noticed a two-headed ogre
  6627 | D:11     | Killed a two-headed ogre
  6627 | D:11     | Reached XP level 11. HP: 68/95 MP: 10/10
  6700 | D:11     | Reached skill level 1 in Stealth
  6848 | D:10     | Entered Level 10 of the Dungeon
  6848 | D:10     | Noticed Psyche
  6853 | D:10     | Killed Psyche
  7320 | D:9      | You fall into a shaft and drop 2 floors!
  7457 | D:11     | Found Xulagom's Antique Armour Shop.
  7607 | D:11     | Found Cine's Gadget Emporium.
  7610 | D:11     | Bought a wand of digging (2) for 168 gold pieces
  7988 | D:10     | Reached skill level 12 in Shields
  8005 | D:10     | Noticed Urug
  8026 | D:10     | Killed Urug
  8070 | D:10     | Killed an unseen horror
  8084 | D:10     | Noticed Snorg
  8093 | D:10     | Killed Snorg
  8347 | D:10     | Noticed a two-headed ogre
  8355 | D:10     | Killed a two-headed ogre
  9463 | D:9      | Found a staircase to the Orcish Mines.
  9621 | Lair:1   | Entered Level 1 of the Lair of Beasts
  9643 | Lair:1   | Noticed a seven-headed hydra
  9652 | Lair:1   | Killed a two-headed hydra
  9652 | Lair:1   | Reached XP level 12. HP: 49/106 MP: 11/11
  9884 | Lair:1   | Noticed an eight-headed hydra
  9894 | Lair:1   | Killed a two-headed hydra
  9940 | Lair:1   | Noticed a four-headed hydra
  9947 | Lair:1   | Killed a one-headed hydra
  9947 | Lair:1   | Reached skill level 10 in Fighting
  9990 | Lair:1   | Noticed Joseph
 10000 | Lair:1   | Killed Joseph
 10022 | Lair:1   | Reached skill level 13 in Shields
 10880 | Lair:2   | Got a steaming silver ring
 10882 | Lair:2   | Identified the ring "Kerow" {+Inv rCorr} (You found it on
                  | level 2 of the Lair of Beasts)
 10909 | Lair:2   | Noticed Prince Ribbit
 10924 | Lair:2   | Killed Prince Ribbit
 10931 | Lair:2   | Reached skill level 10 in Armour
 10937 | Lair:2   | Reached skill level 5 in Dodging
 10993 | Lair:2   | Found a staircase to the Snake Pit.
 11055 | Lair:2   | Noticed a death yak
 11055 | Lair:2   | Noticed a death yak
 11057 | Lair:2   | Noticed a death yak
 11057 | Lair:2   | Noticed a death yak
 11086 | Lair:2   | Killed a death yak
 11112 | Lair:2   | Killed a death yak
 11115 | Lair:2   | Killed a death yak
 11124 | Lair:2   | Killed a death yak
 12109 | Lair:2   | Reached skill level 14 in Shields
 12135 | Lair:2   | Noticed a queen ant
 12146 | Lair:2   | Killed a queen ant
 12146 | Lair:2   | Reached XP level 13. HP: 105/116 MP: 12/12
 12540 | Lair:1   | Bought a scorched chain mail for 256 gold pieces
 12550 | Lair:1   | Identified the cursed +0 chain mail "Laicicw" {Str+6} (You
                  | bought it in a shop on level 1 of the Lair of Beasts)
 12673 | Lair:3   | Found a dark tunnel.
 12688 | Volcano  | Entered a volcano
 12710 | Volcano  | Reached skill level 15 in Long Blades
 13721 | Lair:3   | Found a staircase to the Shoals.
 14474 | D:12     | Found a runed translucent door.
 14475 | D:12     | Noticed MisterOstroum's ghost (journeyman HuEn)
 14477 | D:12     | Identified the +4 spear of Dim Light {speed, rC+ MR- MP+9
                  | Str+5}
 14502 | D:12     | Killed MisterOstroum's ghost
 14502 | D:12     | Reached skill level 15 in Shields
 15222 | D:12     | Noticed Jorgrun
 15237 | D:12     | Killed Jorgrun
 15350 | D:12     | Reached XP level 14. HP: 86/127 MP: 13/13
 15949 | D:13     | Found a runed translucent gate.
 15951 | D:13     | Found a runed translucent gate.
 15952 | D:13     | Noticed Uxec's ghost (journeyman VSFi)
 15952 | D:13     | Found a runed translucent gate.
 16356 | D:13     | Reached skill level 16 in Shields
 17133 | D:13     | Found a gate to the Vaults.
 17338 | D:13     | Killed Uxec's ghost
 17546 | Lair:1   | Bought a translucent hat for 297 gold pieces
 17673 | Lair:1   | Identified the +1 hat of Xoing {MR+ Stlth+} (You bought it
                  | in a shop on level 1 of the Lair of Beasts)
 17680 | Lair:1   | Bought a pair of ichor-stained boots for 313 gold pieces
 17692 | Lair:1   | Identified the +0 pair of boots of the Iron City of Dis
                  | {rPois} (You bought it in a shop on level 1 of the Lair of
                  | Beasts)
 18941 | Lair:5   | Found a staircase to the Slime Pits.
 19198 | Lair:5   | You fall into a shaft and drop 1 floor!
 19198 | Lair:6   | Entered Level 6 of the Lair of Beasts
 19256 | Lair:6   | Reached skill level 17 in Shields
 19765 | Lair:6   | Reached XP level 15. HP: 135/137 MP: 14/14
 19888 | Lair:6   | Paralysed by a hornet for 3 turns
 20236 | Lair:6   | Paralysed by a hornet for 2 turns
 20253 | Lair:6   | Identified the Papyrus of Mutagenic Venom
 23262 | Orc:1    | Entered Level 1 of the Orcish Mines
 23412 | Orc:2    | Entered Level 2 of the Orcish Mines
 23676 | Orc:2    | Noticed Rupert
 23701 | Orc:1    | Killed Rupert
 23701 | Orc:1    | Reached skill level 18 in Shields
 24070 | Orc:2    | Found Cazaxt's Antique Weapon Emporium.
 24103 | Orc:2    | Found a radiant altar of Vehumet.
 24109 | Orc:2    | Noticed Erolcha
 24121 | Orc:2    | Killed Erolcha
 24133 | Orc:2    | Noticed Nergalle
 24134 | Orc:2    | Found an ancient bone altar of Kikubaaqudgha.
 24140 | Orc:2    | Found Egapoyte's Magic Scroll Shoppe.
 24152 | Orc:2    | Killed Nergalle
 24182 | Orc:2    | Found Kurchaek's Magic Scroll Shoppe.
 24220 | Orc:2    | Found a staircase to the Elven Halls.
 24448 | Orc:2    | Found a roughly hewn altar of Beogh.
 24506 | Orc:2    | Found Domeahuck's Book Emporium.
 24690 | Orc:2    | Bought a scroll of identify for 34 gold pieces
 24696 | Orc:2    | Bought a scroll of identify for 34 gold pieces
 24697 | Orc:2    | Identified a scroll of acquirement
 26165 | D:15     | Entered Level 15 of the Dungeon
 26452 | D:15     | Found a blossoming altar of Fedhas.
 26557 | D:15     | Reached XP level 16. HP: 66/147 MP: 8/15
 26865 | D:15     | Reached skill level 15 in Fighting
 26896 | D:15     | Cast into level 2 of the Abyss (a wizard)
 26918 | D:15     | Escaped the Abyss
 26942 | D:15     | Found a staircase to the Depths.
 27454 | D:15     | Reached skill level 19 in Shields
 28414 | Shoals:1 | Entered Level 1 of the Shoals
 30235 | Shoals:1 | Killed from afar by a merfolk aquamancer

Levels and vault maps discovered:
D:1:      onia_arrival_larder, layout_basic, minmay_pentomino_q4
D:2:      layout_loops_ring, nicolae_qazlal_general_emergency, uniq_robin
D:3:      layout_loops_ring, nicolae_overflow_hidden_temple, serial_glass,
          glass_columns_a, glass_columns_c, uniq_natasha
D:4:      layout_loops_ring, chequers_garden
D:5:      layout_basic, biasface_ghost_orc_armoury, first_ration, serial_shops,
          nicolae_shop_crystal, due_unseen_surprise, uniq_pikel, uniq_menkaure,
          uniq_eustachio
D:6:      layout_basic, minmay_temple_entry_stoned_glass, moated_statue
D:7:      layout_cave_pools, uniq_harold
D:8:      layout_basic, lair_entry_dummy, serial_shops, shop
D:9:      layout_roguey, erik_orc_1, hangedman_abyss_or_decor_lesser_grid
D:10:     layout_roguey, uniq_psyche, uniq_snorg, uniq_urug
D:11:     nicolae_whirlpool, layout_irregular_city, serial_shops,
          kennysheep_mini, shop
D:12:     layout_roguey, ebering_ghost_funeral_grove, uniq_jorgrun
D:13:     layout_basic, grunt_vaults_entry_fortified,
          gammafunk_ghost_nasty_kobolds
D:14:     layout_loops_ring, serial_rivers, chequers_serial_rivers_micro_d,
          chequers_serial_rivers_small_3, chequers_serial_rivers_room_b,
          chequers_serial_rivers_micro_a, hangedman_stone_soup,
          kennysheep_four_rooms
D:15:     grunt_enter_depths_magical_seal, layout_irregular_city, fedhas_altar_1
Temple:   regret_index_temple_chain_breaker
Lair:1:   layout_cave_pods, lemuel_fruit_fields, infiniplex_staircase_pool,
          uniq_joseph
Lair:2:   layout_layer_cave, guppyfry_snake_entry_garden, zaba_antful_of_joy,
          grunt_megastairs_4, uniq_prince_ribbit2
Lair:3:   layout_roguey [special_room_bee], minmay_shoals_entry_centaurs,
          enter_volcano_1, serial_bayou_shore_a, grunt_megastairs_1
Lair:4:   layout_regular_city
Lair:5:   layout_cave_pods, nicolae_slime_entry_slimehenge, grunt_megastairs_2
Lair:6:   gammafunk_lair_ancient_temple, layout_layer_cave, lemuel_fruit_tree
Shoals:1: layout_shoals
Orc:1:    layout_caves
Orc:2:    kennysheep_orc_mage_school, layout_diamond_mine, uniq_rupert

Skill      XL: |  1  2  3  4  5  6  7  8  9 10 11 12 13 14 15 16 |
---------------+-------------------------------------------------+-----
Shields        | 4 5 6 7 10 11 12 14 15 17 18 19 | 19.4
Fighting       | 4 5 6 7 8 9 11 12 13 14 15 | 15.5
Armour         | 4 5 6 7 8 9 10 11 12 13 14 | 14.5
Long Blades    | 3 4 5 7 9 11 12 13 14 15 16 17 | 17.6
Dodging        | 1 2 4 5 6 7 |  7.1
Stealth        | 1 2 4 |  4.7
Evocations     | |  0.9

Action                   |  1- 3 |  4- 6 |  7- 9 | 10-12 | 13-15 | 16-18 || total
-------------------------+-------+-------+-------+-------+-------+-------++-------
Melee: Long sword        |    82 |       |       |   516 |  1351 |   333 ||  2282
       Headbutt          |    16 |    32 |    64 |   158 |   434 |   125 ||   829
       Falchion          |     2 |   158 |   294 |    38 |       |       ||   492
       Unarmed           |     1 |       |       |       |       |       ||     1
Invok: Call Merchant     |       |       |       |       |     6 |     1 ||     7
Evoke: Wand              |       |       |       |     3 |       |     1 ||     4
  Use: Potion            |     3 |       |       |       |     4 |     2 ||     9
       Scroll            |     1 |     5 |       |    10 |    15 |     8 ||    39
 Stab: Distracted        |       |       |       |     6 |    20 |     5 ||    31
       Sleeping          |       |       |       |     1 |       |       ||     1
  Eat: Chunk             |       |     6 |     5 |       |       |       ||    11
       Ration            |       |       |     1 |     7 |    14 |     3 ||    25
Armor: Scale mail        |    52 |    43 |       |   136 |     5 |       ||   236
       Chain mail        |       |    34 |    28 |       |   282 |    66 ||   410
       Plate armour      |       |       |    85 |    31 |       |       ||   116
Dodge: Dodged            |    38 |    36 |    81 |   189 |   391 |    99 ||   834
Block: Shield            |    66 |    96 |   200 |   374 |  1002 |   298 ||  2036
       Reflection        |     5 |     9 |     4 |    42 |     8 |       ||    68
       Rpst.: Long sword |     8 |       |       |    35 |    77 |    18 ||   138
       Falchion          |       |     8 |    19 |     3 |       |       ||    30

Table legend:
 A = Non-vault XP
 B = Vault XP
 C = Vault XP percentage of total XP
 D = Non-vault monster count
 E = Vault monster count
 F = Vault count percentage of total count
                 A         B        C        D         E       F
            +---------+---------+-------+---------+---------+-------
      Total |  119341 |   69834 |  36.9 |     664 |     269 |  28.8
            +---------+---------+-------+---------+---------+-------
        D:1 |      41 |      12 |  22.6 |      21 |      10 |  32.3
        D:2 |      82 |      38 |  31.7 |      31 |      13 |  29.5
        D:3 |     159 |      33 |  17.2 |      20 |       1 |   4.8
        D:4 |     114 |       0 |   0.0 |      12 |       0 |   0.0
        D:5 |     531 |    1737 |  76.6 |      15 |      13 |  46.4
        D:6 |    3114 |       0 |   0.0 |      50 |       0 |   0.0
        D:7 |     961 |    1044 |  52.1 |      16 |       1 |   5.9
        D:8 |    2380 |       0 |   0.0 |      32 |       0 |   0.0
        D:9 |    1757 |     575 |  24.7 |      29 |      17 |  37.0
       D:10 |    3245 |    2311 |  41.6 |      22 |       3 |  12.0
       D:11 |    2240 |     570 |  20.3 |      27 |       5 |  15.6
       D:12 |    7288 |    6735 |  48.0 |      32 |       7 |  17.9
       D:13 |    2780 |    9653 |  77.6 |       7 |      26 |  78.8
       D:14 |    8815 |    2809 |  24.2 |      24 |       9 |  27.3
       D:15 |   20257 |    5603 |  21.7 |      53 |       9 |  14.5
     Lair:1 |    4881 |     460 |   8.6 |      12 |       1 |   7.7
     Lair:2 |    8372 |    5514 |  39.7 |      29 |      41 |  58.6
     Lair:3 |    3209 |    3527 |  52.4 |      15 |      35 |  70.0
     Lair:4 |    6218 |       0 |   0.0 |      26 |       0 |   0.0
     Lair:5 |    5433 |     283 |   5.0 |      27 |       6 |  18.2
     Lair:6 |   10966 |   11449 |  51.1 |      42 |      26 |  38.2
   Shoals:1 |   17880 |       0 |   0.0 |      37 |       0 |   0.0
      Orc:1 |    3822 |    3061 |  44.5 |      39 |       1 |   2.5
      Orc:2 |    4796 |    7729 |  61.7 |      46 |      34 |  42.5
    Volcano |       0 |    6691 | 100.0 |       0 |      11 | 100.0
            +---------+---------+-------+---------+---------+-------
